 Dungeon Crawl Stone Soup version 0.18.1-48-g4cf74bf (webtiles) character file.

151 raph the Firebug (level 5, 0/28 HPs)
             Began as a Deep Elf Fire Elementalist on June 28, 2016.
             Slain by a jackal (3 damage)
             ... on level 4 of the Dungeon.
             The game lasted 00:07:03 (3079 turns).

raph the Firebug (Deep Elf Fire Elementalist)       Turns: 3079, Time: 00:07:03

Health: 0/28       AC:  4    Str:  5    XL:     5   Next: 11%
Magic:  7/12       EV: 12    Int: 21    God:
Gold:   80         SH:  0    Dex: 15    Spells: 4 memorised, 2 levels left

rFire  . . .     SeeInvis .     v - staff of earth
rCold  . . .     Gourm    .     o - +0 leather armour {MR+}
rNeg   . . .     Faith    .     (no shield)
rPois  .         Spirit   .     (no helmet)
rElec  .         Dismiss  .     (no cloak)
rCorr  .         Reflect  .     t - +0 pair of gloves
SustAt .         Harm     .     (no boots)
MR     +....                    (no amulet)
Stlth  ++........               (no ring)
                                (no ring)

@: very slightly contaminated, somewhat resistant to hostile enchantments,
unstealthy
A: no striking features
a: no special abilities


You were on level 4 of the Dungeon.
You were very hungry.

You visited 1 branch of the dungeon, and saw 4 of its levels.

You collected 80 gold pieces.

Inventory:

Missiles
 r - 2 javelins (quivered)
Armour
 a - a +0 robe
 o - a +0 leather armour of magic resistance (worn)
 t - a +0 pair of gloves (worn)
Magical Staves
 v - an uncursed staff of earth (weapon)
Scrolls
 d - 4 scrolls of remove curse
 l - a scroll of blinking
Potions
 e - 2 potions of curing
 f - a potion of heal wounds {unknown}
 i - a potion of berserk rage
 k - a potion of haste {unknown}
 m - 3 potions of flight {unknown}
 n - a potion of invisibility {unknown}
 s - a potion of agility {unknown}
 u - a potion of degeneration {unknown}
Books
 b - a book of Flames

   Spells                             Type                      Level
   a - Flame Tongue                   Conjuration/Fire             1
   b - Throw Flame                    Conjuration/Fire             2
   c - Conjure Flame                  Conjuration/Fire             3
   d - Inner Flame                    Hexes/Fire                   3
   e - Sticky Flame                   Conjuration/Fire             4
   f - Fireball                       Conjuration/Fire             5
Comestibles
 c - 3 bread rations


   Skills:
 + Level 1.2 Armour
 - Level 2.4 Dodging
 - Level 2.4 Stealth
 + Level 3.5 Spellcasting
 + Level 2.9 Conjurations
 * Level 5.0 Fire Magic


You had 2 spell levels left.
You knew the following spells:

 Your Spells              Type           Power        Failure   Level  Hunger
a - Flame Tongue          Conj/Fire      ###..        4%          1    None
b - Conjure Flame         Conj/Fire      ###.....     14%         3    ###....
c - Inner Flame           Hex/Fire       ##......     24%         3    ###....
d - Throw Flame           Conj/Fire      ###...       10%         2    ##.....


Dungeon Overview and Level Annotations

Branches:
Dungeon (4/15)
 Temple: D:4-7

Altars:


Message History

Found four items.
There is a stone staircase leading up here.
You hit something. Something hits you but does no damage.
The jackal barely misses you.
The jackal bites you but does no damage.
The gnoll hits you with a flail!
You closely miss something. The jackal misses you.
The jackal closely misses you. Something hits you but does no damage.
The jackal completely misses you. The jackal closely misses you.
The gnoll barely misses you. Something hits you but does no damage.
A jackal comes into view.
You closely miss something. The jackal misses you.
The jackal bites you but does no damage.
Something hits you.
* * * LOW HITPOINT WARNING * * *
The gnoll hits you with a flail.
* * * LOW HITPOINT WARNING * * *
You completely miss something. The jackal misses you.
The jackal barely misses you. The jackal bites you.
You die...

.# .# .# ?#
#####.###
#.......
#.#....?###(..
#.....@......g
.....?hgh..h...
≈≈≈≈≈≈≈≈≈≈≈....
≈≈≈≈≈≈≈≈≈≈≈....
≈≈≈≈≈≈≈≈≈≈≈....
...............
###########++++


You could see 2 gnolls and 3 jackals.

Vanquished Creatures
  An orc wizard (D:3)
  2 gnolls
  2 adders
  5 worms
  4 dart slugs
  A giant gecko (D:2)
  3 orcs (D:3)
  A ball python (D:1)
  3 giant cockroaches
  4 goblins
  5 hobgoblins
  4 jackals (D:3)
  10 kobolds
  7 bats
  2 giant newts
  8 rats
62 creatures vanquished.

Vanquished Creatures (others)
  A giant cockroach (D:3)
1 creature vanquished.

Grand Total: 63 creatures vanquished

Notes
Turn   | Place    | Note
--------------------------------------------------------------
     0 | D:1      | raph the Deep Elf Fire Elementalist began the quest for the Orb.
     0 | D:1      | Reached XP level 1. HP: 10/10 MP: 6/6
   174 | D:1      | Reached XP level 2. HP: 15/15 MP: 2/8
   323 | D:1      | Reached skill level 4 in Fire Magic
   620 | D:1      | Reached XP level 3. HP: 19/19 MP: 7/9
  1383 | D:2      | Learned a level 3 spell: Conjure Flame
  1387 | D:2      | Learned a level 3 spell: Inner Flame
  1437 | D:2      | Found a faded altar to an unknown god.
  1932 | D:3      | Reached XP level 4. HP: 24/24 MP: 7/10
  2388 | D:3      | Learned a level 2 spell: Throw Flame
  2904 | D:3      | Reached skill level 1 in Armour
  3061 | D:3      | Reached skill level 5 in Fire Magic
  3061 | D:3      | Reached XP level 5. HP: 28/28 MP: 8/12
  3079 | D:4      | Slain by a jackal

Skill      XL: |  1  2  3  4 |
---------------+-------------+-----
Conjurations   | 2 |  2.9
Fire Magic     | 4 5 |  5.0
Armour         | 1 |  1.2
Dodging        | |  2.4
Stealth        | |  2.4
Spellcasting   | |  3.5

Action                   |  1- 3 |  4- 6 || total
-------------------------+-------+-------++-------
Melee: Dagger            |       |     6 ||     6
       Staff             |       |     4 ||     4
 Cast: Flame Tongue      |    62 |    43 ||   105
       Conjure Flame     |       |     7 ||     7
       Throw Flame       |       |     2 ||     2
       Inner Flame       |       |     2 ||     2
  Use: Scroll            |       |     7 ||     7
  Eat: Chunk             |     3 |     3 ||     6
Armor: Robe              |     4 |       ||     4
       Leather armour    |     1 |    23 ||    24
Dodge: Dodged            |     9 |    30 ||    39
